 Dungeon Crawl Stone Soup version 0.29-a0-885-gb26ba3297d (webtiles) character file.

Game seed: 3382893094453282831

20346 BeingJoeMalik the Fencer (level 12, 0/80 HPs)
             Began as a Tengu Gladiator on July 20, 2022.
             Was a High Priest of Okawaru.
             Slain by a three-headed hydra (14 damage)
             ... on level 2 of the Lair of Beasts.
             The game lasted 00:59:47 (19905 turns).

BeingJoeMalik the Fencer (Tengu Gladiator)         Turns: 19905, Time: 00:59:48

Health: 0/80       AC:  5    Str: 15    XL:     12   Next: 78%
Magic:  0/20       EV: 23    Int: 14    God:    Okawaru [*****.]
Gold:   892        SH:  4    Dex: 19    Spells: 11/11 levels left

rFire   + . .      SeeInvis .   F - +8 triple sword of the Witching Pill Bug {flame, rPois Will+ Dex-4}
rCold   + . .      Faith    .   (shield currently unavailable)
rNeg    . . .      Spirit   +   f - +2 robe {rC+ rF+}
rPois   +          Reflect  .   c - +1 hat
rElec   .          Harm     .   G - -1 cloak "Achoexuh" {rPois Dex+2}
rCorr   .          Rampage  .   (no gloves)
Will    ++...      Clarity  +   (boots unavailable)
Stlth   +++.......              j - amulet of guardian spirit
HPRegen 0.23/turn               A - +6 ring of intelligence
MPRegen 0.17/turn               (no ring)

@: heroic, flying quickly and evasively, quick
A: beak, talons 3, nimble flight, large bone plates 1, clarity, high MP 2,
strong-willed 1
a: Renounce Religion, Heroism, Finesse, Duel


You were on level 2 of the Lair of Beasts.
You worshipped Okawaru.
Okawaru was extremely pleased with you.
You visited 4 branches of the dungeon, and saw 15 of its levels.
You also visited: Sewer and Bailey.

You collected 892 gold pieces.

Inventory:

Hand Weapons
 p - the +5 scythe "Finisher" {speed, eviscerate}
   (You found it in a sewer)

   Attacks with this weapon are significantly faster.
   It may eviscerate those it strikes, slaying them instantly, with a decreasing
   chance against stronger foes.
 F - the +8 triple sword of the Witching Pill Bug (weapon) {flame, rPois Will+ Dex-4}
   (You acquired it in a bailey)

   It burns those it strikes, dealing additional fire damage.
   Big, fiery blades are also staple armaments of hydra-hunters.
   Dex:       It affects your dexterity (-4).
   rPois:     It protects you from poison.
   Will:      It increases your willpower.
 I - a +0 scimitar
 L - a +1 vorpal great sword
 M - a +5 dagger of draining
 N - a +1 great sword of freezing
Missiles
 a - 5 silver javelins
 d - a throwing net
 e - a javelin
 t - 32 poisoned darts (quivered)
 K - 2 curare-tipped darts
Armour
 b - the +1 plate armour "Paul" {rF+ rCorr Int+3}
   (You found it on level 7 of the Dungeon)

   Int:       It affects your intelligence (+3).
   rF:        It protects you from fire.
   rCorr:     It protects you from acid and corrosion.
 c - a +1 hat (worn)
 f - a +2 robe of resistance (worn)
 w - +0 steam dragon scales
 E - the +0 robe "Siko Jusmi" {rCorr Int-2 Dex-3 Stlth+}
   (You found it in a bailey)

   Int:       It affects your intelligence (-2).
   Dex:       It affects your dexterity (-3).
   rCorr:     It protects you from acid and corrosion.
   Stlth:     It makes you more stealthy.
 G - the -1 cloak "Achoexuh" (worn) {rPois Dex+2}
   (You found it on level 7 of the Dungeon)

   Dex:       It affects your dexterity (+2).
   rPois:     It protects you from poison.
 T - the +1 kite shield of Okawaru's Condemnation {rN+ Dex+4}
   (Okawaru gifted it to you on level 2 of the Lair of Beasts)

   Dex:       It affects your dexterity (+4).
   rN:        It protects you from negative energy.
Jewellery
 j - an amulet of guardian spirit (around neck)
 n - an amulet of magic regeneration
 A - a +6 ring of intelligence (left hand)
Wands
 x - a wand of iceblast (19)
 z - a wand of flame (19)
 J - a wand of acid (12)
 O - a wand of digging (7)
 Q - a wand of mindburst (12)
 R - a wand of polymorph (2)
Scrolls
 g - 3 scrolls of identify
 k - 2 scrolls of fog
 o - 2 scrolls of blinking
 s - 2 scrolls of teleportation
 u - 4 scrolls of poison
 v - 3 scrolls of magic mapping
 y - 2 scrolls of silence
 B - 2 scrolls of enchant weapon
 C - a scroll of brand weapon
 D - 3 scrolls of fear
 S - a scroll of vulnerability {unknown}
Potions
 h - 2 potions of brilliance
 i - 2 potions of mutation
 l - 2 potions of invisibility
 m - 2 potions of might
 q - a potion of cancellation
 H - 2 potions of berserk rage
 P - a potion of curing


   Skills:
 + Level 11.1(16.1) Fighting
 + Level 16.7(21.7) Long Blades
 - Level 6.0(11.0) Throwing
 - Level 5.8(10.8) Dodging
 * Level 5.2 Invocations


You had 11 spell levels left.
You didn't know any spells.
Your spell library contained the following spells:

 Spells                   Type           Power      Damage    Failure   Level
 Magic Dart               Conj           0%         1d3       28%         1
 Slow                     Hex            0%         N/A       28%         1
 Sting                    Tmut/Pois      0%         1d3       28%         1
 Blink                    Tloc           0%         N/A       41%         2
 Ensorcelled Hibernation  Hex/Ice        0%         N/A       41%         2
 Poisonous Vapours        Pois/Air       0%         N/A       41%         2
 Scorch                   Fire           0%         2d5       41%         2
 Confusing Touch          Hex            0%         N/A       65%         3
 Lesser Beckoning         Tloc           0%         N/A       65%         3
 Mephitic Cloud           Conj/Pois/Air  0%         N/A       65%         3
 Ozocubu's Armour         Ice            0%         N/A       65%         3
 Spider Form              Tmut/Pois      0%         N/A       65%         3
 Vampiric Draining        Necr           0%         2d6       65%         3
 Anguish                  Hex/Necr       0%         N/A       96%         4
 Flame Wave               Conj/Fire      0%         2d4       96%         4
 Olgreb's Toxic Radiance  Pois           0%         N/A       96%         4
 Petrify                  Tmut/Erth      0%         N/A       96%         4
 Fireball                 Conj/Fire      0%         3d3       100%        5
 Manifold Assault         Tloc           0%         N/A       100%        5
 Metabolic Englaciation   Hex/Ice        0%         N/A       100%        5
 Starburst                Conj/Fire      0%         6d3       100%        6
 Statue Form              Tmut/Erth      0%         N/A       100%        6
 Ignition                 Fire           0%         3d3       100%        8
 Call Imp                 Summ           Unusable   N/A       N/A         2
 Simulacrum               Ice/Necr       Unusable   N/A       N/A         6
 Summon Cactus Giant      Summ           Unusable   N/A       N/A         6

Dungeon Overview and Level Annotations

Branches:
Dungeon (11/15)            Temple (1/1) D:4            Lair (2/5) D:10
    Orc (1/2) D:10          Sewer (visited)          Bailey (visited)
  Swamp: Lair:2-3    Shoals: Lair:2-3     Snake: Lair:2-3    Spider: Lair:2-3

Altars:
Ashenzari
Cheibriados
Dithmenos
Elyvilon
Fedhas
Gozag
Hepliaklqana
Kikubaaqudgha
Makhleb
Nemelex Xobeh
Okawaru
Qazlal
Ru
Sif Muna
Trog
Uskayaw
Vehumet
Wu Jian
Xom
Yredelemnul
Zin
The Shining One

Annotations:
D:6 2 transporters, kkgakdfjhgaksdf's ghost, novice DgCj


Innate Abilities, Weirdness & Mutations

You have a beak for a mouth.
You have claws for feet.
Your magical nature lets you fly swiftly and evasively.
You are partially covered in large bone plates. (SH +4)
You possess an exceptional clarity of mind.
You have a considerably increased reservoir of magic. (+20% MP)
You are strong-willed. (Will+)


Message History

You gain the combat prowess of a mighty hero.
The swamp worm bites you but does no damage.
Unknown command.
You lop one of the five-headed hydra's heads off!
The flame cauterises the wound!
You slash the four-headed hydra! You burn the four-headed hydra!
You claw the four-headed hydra, but do no damage.
The four-headed hydra is moderately wounded.
The swamp worm bites you!! The four-headed hydra bites you.
The four-headed hydra completely misses you.
The four-headed hydra misses you.
The four-headed hydra barely misses you.
You hack one of the four-headed hydra's heads off!
The flame cauterises the wound!
You slice the three-headed hydra!! You burn the three-headed hydra.
You claw the three-headed hydra.
The three-headed hydra is severely wounded.
The swamp worm misses you.
Unknown command.
You barely miss the three-headed hydra.
The three-headed hydra is severely wounded.
The swamp worm misses you.
The three-headed hydra completely misses you.
The three-headed hydra bites you!
* * * LOW HITPOINT WARNING * * *
The three-headed hydra misses you.
You barely miss the three-headed hydra. You claw the three-headed hydra!
You peck the three-headed hydra.
The three-headed hydra is almost dead.
The swamp worm bites you!!
* * * LOW HITPOINT WARNING * * *
The three-headed hydra misses you.
You block the three-headed hydra's attack.
The three-headed hydra closely misses you.
Unknown command.
You feel much better. The swamp worm barely misses you.
You block the three-headed hydra's attack.
The three-headed hydra bites you!
* * * LOW HITPOINT WARNING * * *
The three-headed hydra bites you!
You die...

#.#.#.#.♣♣♣♣♣♣♣..♣♣ #..###.
##..##..♣≈≈≈≈≈≈...♣♣#...#..
#..+...♣≈≈≈≈≈≈≈≈♣♣#..####.
#..##.♣♣≈≈≈≈≈≈≈♣♣ #### #.
#P.####♣♣≈≈≈≈...♣ ##
##..#.#♣♣♣♣♣...♣♣ ########
#.....♣♣§§§..♣♣ ♣.......
#....♣♣♣§§♣♣♣♣ ♣.......
##.....♣♣@§♣ ♣.......
#.....♣♣wD♣♣ ♣...#...
#......♣.§§≈≈≈.§D ♣...##..
#......♣≈§§§≈≈≈§§ ♣....#..
##...##♣♣§§§§≈§.♣♣#...#...
#.....##♣§§§♣♣§.§♣.....#..
##....#.♣♣§.§ §.♣♣.......
#...+...♣♣♣§. ♣♣♣#...#...
#....#....♣♣♣♣♣.##...#...


You could see a three-headed hydra and a swamp worm.

Vanquished Creatures
  An orc warlord (Bailey)
  Josephine (D:10)
  3 hydras (Lair:2)
  Erolcha (D:10)
  A tengu warrior (D:9)
  4 elephants
  A black mamba (Lair:2)
  Psyche (D:9)
  A kobold demonologist (D:9)
  3 cane toads
  A rime drake (Lair:1)
  5 komodo dragons
  2 trolls (D:9)
  A polar bear (Lair:2)
  A tyrant leech (Lair:2)
  3 wraiths (D:9)
  23 yaks
  A wyvern (D:8)
  Grum (D:8)
  Menkaure (D:5)
  A steam dragon (D:5)
  A warg (D:10)
  An acid dragon (D:10)
  6 water moccasins
  12 orc warriors
  2 ice beasts
  2 sky beasts
  2 ogres (D:5)
  2 black bears
  2 wolves (D:8)
  3 centaurs
  The ghost of jimonade the Sneak, an amateur KoBr (D:3)
  A gnoll sergeant (D:5)
  4 kobold brigands
  7 bullfrogs
  A necrophage (D:7)
  3 scorpions
  A water moccasin skeleton (D:3)
  4 wights (D:8)
  6 howler monkeys
  3 electric eels (D:10)
  2 bullfrog zombies (D:3)
  8 orc priests
  A centaur zombie (D:3)
  3 hounds
  2 jellies
  5 iguanas
  10 orc wizards
  24 gnolls
  11 adders
  A river rat (D:5)
  3 shadow imps
  2 white imps (D:6)
  2 ufetubi
  3 dart slugs
  43 orcs
  19 ball pythons
  6 bats
  13 endoplasms
  9 giant cockroaches
  24 goblins
  13 hobgoblins
  8 jackals
  19 kobolds
  14 quokkas
  13 frilled lizards
  8 rats
387 creatures vanquished.

Vanquished Creatures (others)
  An iguana (D:5)
  9 fungi (Lair:2)
  7 plants (Lair:2)
17 creatures vanquished.

Grand Total: 404 creatures vanquished

Notes
Turn   | Place    | Note
-------+----------+-------------------------------------------
     0 | D:1      | BeingJoeMalik the Tengu Gladiator began the quest for the
                  | Orb.
     0 | D:1      | Reached XP level 1. HP: 12/12 MP: 2/2
   203 | D:1      | Reached XP level 2. HP: 7/17 MP: 3/3
   205 | D:1      | Reached skill level 4 in Long Blades
   935 | D:1      | Reached XP level 3. HP: 21/21 MP: 4/4
  1240 | D:2      | Reached skill level 5 in Long Blades
  1319 | D:2      | Reached XP level 4. HP: 22/26 MP: 5/5
  2113 | D:3      | Reached skill level 6 in Long Blades
  2464 | D:3      | Found a runed translucent gate.
  2464 | D:3      | Found a runed translucent gate.
  2464 | D:3      | Found a runed translucent gate.
  2465 | D:3      | Noticed jimonade's ghost (amateur KoBr)
  2473 | D:3      | Gained mutation: Your magical nature lets you fly swiftly
                  | and evasively. [Tengu growth]
  2473 | D:3      | Reached XP level 5. HP: 30/30 MP: 6/6
  2600 | D:3      | Noticed an ice beast
  2684 | D:4      | Gained mutation: You have an increased reservoir of magic.
                  | (+10% MP) [potion of mutation]
  2684 | D:4      | Gained mutation: You have hidden genetic potential. [potion
                  | of mutation]
  2684 | D:4      | Gained mutation: You have great hidden genetic potential.
                  | [potion of mutation]
  2880 | D:4      | Found a staircase to the Ecumenical Temple.
  2909 | Temple   | Entered the Ecumenical Temple
  3091 | Temple   | Became a worshipper of Warmaster Okawaru
  3604 | D:4      | Found a blossoming altar of Fedhas.
  3939 | D:3      | Killed an ice beast
  3940 | D:3      | Reached skill level 7 in Long Blades
  3940 | D:3      | Reached XP level 6. HP: 32/35 MP: 7/7
  3952 | D:3      | Identified the +0 ring mail "Xeniv" {Harm +Blink}
  3961 | D:3      | Gained mutation: You are strong-willed. (Will+) [hidden
                  | potential]
  4410 | D:5      | Entered Level 5 of the Dungeon
  4735 | D:5      | Found a glowing drain.
  4744 | Sewer    | Entered a sewer
  4875 | Sewer    | Reached skill level 8 in Long Blades
  5014 | Sewer    | Found the +5 scythe "Finisher" {speed, eviscerate}
  5026 | Sewer    | Reached XP level 7. HP: 32/40 MP: 8/8
  5030 | Sewer    | Reached * piety under Okawaru
  5032 | Sewer    | Gained mutation: You are partially covered in large bone
                  | plates. (SH +4) [hidden potential]
  5032 | Sewer    | Lost mutation: You have great hidden genetic potential.
                  | [hidden potential expressed]
  5476 | D:5      | Reached skill level 9 in Long Blades
  5899 | D:4      | Reached XP level 8. HP: 40/46 MP: 9/9
  6296 | D:5      | Reached skill level 10 in Long Blades
  6488 | D:5      | Found a white marble altar of Elyvilon.
  6507 | D:5      | Noticed Menkaure
  6656 | D:5      | Killed Menkaure
  6656 | D:5      | Reached ** piety under Okawaru
  7186 | D:6      | Found a burning altar of Makhleb.
  7222 | D:6      | Found a transporter.
  7235 | D:6      | Noticed kkgakdfjhgaksdf's ghost (novice DgCj)
  7241 | D:6      | Found a transporter.
  7274 | D:6      | Reached skill level 11 in Long Blades
  7730 | D:7      | Reached XP level 9. HP: 52/52 MP: 10/10
  7845 | D:7      | Reached skill level 5 in Dodging
  7911 | D:7      | HP: 1/53 [black bear (4)]
  7912 | D:7      | Gained mutation: You possess an exceptional clarity of
                  | mind. [hidden potential]
  8008 | D:7      | Found a flagged portal.
  8016 | Bailey   | Entered a bailey
  8179 | Bailey   | Reached skill level 5 in Fighting
  8445 | Bailey   | Reached *** piety under Okawaru
  8651 | Bailey   | Reached skill level 12 in Long Blades
  9304 | Bailey   | Noticed an orc warlord
  9327 | Bailey   | Killed an orc warlord
  9327 | Bailey   | Reached **** piety under Okawaru
  9328 | Bailey   | Reached skill level 13 in Long Blades
  9328 | Bailey   | Reached XP level 10. HP: 61/61 MP: 12/12
  9348 | Bailey   | Gained mutation: You have a considerably increased
                  | reservoir of magic. (+20% MP) [hidden potential]
  9348 | Bailey   | Lost mutation: You have hidden genetic potential. [hidden
                  | potential expressed]
  9514 | Bailey   | Identified the +0 robe "Siko Jusmi" {rCorr Int-2 Dex-3
                  | Stlth+}
  9631 | Bailey   | Acquired the +8 triple sword of the Witching Pill Bug
                  | {flame, rPois Will+ Dex-4}
  9704 | D:7      | Identified the -1 cloak "Achoexuh" {rPois Dex+2}
  9723 | D:7      | Found a hazy altar of Hepliaklqana.
 10394 | D:7      | Identified the +1 plate armour "Paul" {rF+ rCorr Int+3}
 10770 | D:8      | Noticed Grum
 10781 | D:8      | Killed Grum
 10920 | D:8      | Reached skill level 14 in Long Blades
 11163 | D:8      | Reached ***** piety under Okawaru
 12310 | D:3      | Killed jimonade's ghost
 12661 | D:9      | Noticed Psyche
 12673 | D:9      | Killed Psyche
 12773 | D:9      | Found a broken altar of Ashenzari.
 13077 | D:10     | Entered Level 10 of the Dungeon
 13111 | D:10     | Found a staircase to the Lair.
 13369 | D:10     | Noticed a kobold demonologist
 13385 | D:10     | Noticed Josephine
 13439 | D:10     | Reached skill level 1 in Invocations
 13729 | D:10     | Noticed a tengu warrior
 13740 | D:9      | Killed a tengu warrior
 13741 | D:9      | Reached XP level 11. HP: 14/69 MP: 4/15
 14138 | D:9      | Received a gift from Okawaru
 14139 | D:9      | Reached skill level 15 in Long Blades
 14986 | D:10     | Killed Josephine
 15714 | D:10     | Noticed Erolcha
 15748 | D:10     | Killed Erolcha
 15748 | D:10     | Received a gift from Okawaru
 16084 | D:10     | Found a staircase to the Orcish Mines.
 16310 | Lair:1   | Entered Level 1 of the Lair of Beasts
 16391 | Orc:1    | Entered Level 1 of the Orcish Mines
 16641 | D:11     | Noticed a skeletal warrior
 16641 | D:11     | Noticed a skeletal warrior
 16641 | D:11     | Noticed a skeletal warrior
 16641 | D:11     | Noticed a skeletal warrior
 17188 | Lair:1   | Reached skill level 10 in Fighting
 17651 | Lair:1   | Reached XP level 12. HP: 77/77 MP: 16/18
 18543 | Lair:2   | Reached skill level 5 in Throwing
 18543 | Lair:2   | Noticed a six-headed hydra
 18563 | Lair:2   | Killed a two-headed hydra
 18694 | Lair:2   | Identified the +1 kite shield of Okawaru's Condemnation
                  | {rN+ Dex+4} (Okawaru gifted it to you on level 2 of the
                  | Lair of Beasts)
 18694 | Lair:2   | Received a gift from Okawaru
 18695 | Lair:2   | Reached skill level 16 in Long Blades
 19040 | Lair:2   | Noticed a seven-headed hydra
 19348 | Lair:2   | Killed a four-headed hydra
 19349 | Lair:2   | Reached skill level 5 in Invocations
 19807 | Lair:2   | Noticed a six-headed hydra
 19823 | Lair:2   | Killed a three-headed hydra
 19876 | Lair:2   | Noticed a five-headed hydra
 19905 | Lair:2   | Slain by a three-headed hydra

Illustrated notes

Levels and vault maps discovered:
D:1:      dpeg_arrival_radiant, layout_basic, chequers_serial_rivers_marsh,
          nicolae_kite_square_tiling_tiny
D:2:      layout_rooms, nicolae_concentric_dashed_squares_mild
D:3:      minmay_bubble_buster, layout_basic, gammafunk_ghost_necromancy,
          grunt_decor_resistance
D:4:      layout_loops_corners, fedhas_altar_fruit_tree,
          minmay_temple_entry_grid, hangedman_decor_opposing
D:5:      layout_gridville, elyvilon_altar_4, cheibrodos_sewer_entry_sluice,
          lightli_ossuary_entry_decrepit_ruins, nicolae_figureground_pulse,
          uniq_menkaure
D:6:      layout_basic, lightli_temple_of_fire, gammafunk_ghost_arena
D:7:      layout_basic, worldfamousw_hep_ancestral_shrine, enter_bailey_3
D:8:      layout_basic, uniq_grum
D:9:      layout_gridville, evilmike_ruin_ashenzari, uniq_psyche
D:10:     layout_roguey, lair_entry_dummy, erik_orc_2, uniq_erolcha,
          uniq_josephine
D:11:     layout_long_grid
Temple:   bh_familiar_temple
Lair:1:   layout_chaotic_city, nicolae_lair_grove_arrangements,
          serial_bayou_pond_b, serial_bayou_shore_b, lemuel_fruit_tree
Lair:2:   layout_regular_city, palyth_hydra_swamp_entry
Orc:1:    layout_caves, uniq_erica

Skill      XL: |  1  2  3  4  5  6  7  8  9 10 11 12 |
---------------+-------------------------------------+-----
Long Blades    | 4 5 6 7 8 9 11 13 14 15 16 | 16.7
Fighting       | 3 4 6 8 10 11 | 11.1
Dodging        | 4 5 |  5.8
Invocations    | 1 3 5 |  5.2
Throwing       | 4 6 |  6.0

Action                   |  1- 3 |  4- 6 |  7- 9 | 10-12 || total
-------------------------+-------+-------+-------+-------++-------
Melee: Long sword        |    75 |   205 |   256 |   247 ||   783
       Kick              |    17 |    46 |    92 |   237 ||   392
       Peck              |     6 |    23 |    48 |   134 ||   211
       Punch             |       |       |     2 |     8 ||    10
       Scimitar          |       |       |       |   304 ||   304
       Unarmed           |       |       |       |     5 ||     5
       Great sword       |       |       |       |    67 ||    67
       Triple sword      |       |       |       |    17 ||    17
Throw: Throwing net      |       |     2 |     7 |     2 ||    11
       Dart              |       |       |    21 |    31 ||    52
       Javelin           |       |       |     1 |       ||     1
Invok: Heroism           |       |       |       |     4 ||     4
  Use: Scroll            |       |    11 |     3 |    12 ||    26
       Potion            |       |     3 |     4 |     1 ||     8
 Stab: Sleeping          |     4 |     7 |     2 |       ||    13
       Distracted        |     1 |       |       |       ||     1
       Held in net/web   |       |     1 |     3 |       ||     4
Armor: Leather armour    |    15 |       |       |       ||    15
       Robe              |    18 |    44 |    14 |    48 ||   124
Dodge: Dodged            |    68 |   159 |   156 |   414 ||   797
Block: Other             |       |       |    15 |    74 ||    89
       Orb               |       |       |    27 |     1 ||    28

Table legend: (Time is in decaauts)
 A = Elapsed time spent in this place.
 B = Non-inter-level travel time spent in this place.
 C = Inter-level travel time spent in this place.
 D = Time resting spent in this place.
 E = Time spent auto-exploring this place.
 F = Levels seen in this place.
 G = Mean time per level.
                   A        B        C        D        E       F      G
               +--------+--------+--------+--------+--------+-----+--------+
         Total |  19016 |  17960 |   1056 |   6750 |   7846 |  17 | 1118.6 |
       Dungeon |  14028 |  13056 |    972 |   5081 |   5670 |  11 | 1275.3 |
        Temple |    187 |    160 |     27 |      0 |    154 |   1 |  187.0 |
          Lair |   2748 |   2692 |     56 |    679 |   1608 |   2 | 1374.0 |
  Orcish Mines |      6 |      6 |      0 |      0 |      0 |   1 |    6.0 |
         Sewer |    517 |    517 |      0 |     99 |    266 |   1 |  517.0 |
        Bailey |   1528 |   1528 |      0 |    890 |    147 |   1 | 1528.0 |
               +--------+--------+--------+--------+--------+-----+--------+

Top non-repeatable levels by time:
    D:10: 2441 daAuts
     D:9: 1797 daAuts
     D:4: 1559 daAuts
     D:5: 1541 daAuts
  Bailey: 1528 daAuts
  Lair:2: 1483 daAuts
     D:8: 1338 daAuts
  Lair:1: 1265 daAuts
     D:3: 1203 daAuts
     D:1: 1193 daAuts
     D:7: 1146 daAuts
     D:6: 876 daAuts
     D:2: 819 daAuts
   Sewer: 517 daAuts
  Temple: 187 daAuts
